Map: Bridgehead LE (Void)

Players

RepMeaSt (Semper)

  • Race: Terran Terran
  • League: Master

마사 (MaSa) - Winner!

  • Race: Terran Terran
  • League: Platinum

Event: ASL Season 5 Prime League LOTV Beta

VOD

Have the link to the VOD?

Description

Time

  • Played on: Sept. 9, 2015, 9:49 p.m.
  • Length: 10:20

All games in this series

Show
View Real Time Build Order
Export as new Build Order

RepMeaSt Terran 

Build Orders: 1/1/1, Bio Tank, Banshee Rush 

Get SALT Encoding   

  12  0:00  SCV  
  13  0:13  SCV  
  14  0:18  Supply Depot  
  14  0:25  SCV  
  15  0:32  Refinery  
  15  0:39  SCV  
  16  0:45  Barracks  
  16  0:51  SCV  
  17  1:03  SCV  
  18  1:15  SCV  
  19  1:31  Orbital Command  
  19  1:32  Marine  
  20  1:34  Factory  
  20  1:43  Supply Depot  
  20  1:45  Refinery  
  20  1:49  Marine  
  21  1:58  SCV  
  22  2:10  SCV, Marine  
  24  2:18  Hellion, Starport  
  24  2:22  SCV  
  27  2:28  Marine  
  28  2:31  Supply Depot  
  28  2:34  SCV  
  29  2:39  Factory Tech Lab  
  29  2:46  SCV, Marine  
  31  2:59  SCV  
  31  3:02  Banshee, Cloaking Field  
  31  3:05  Marine  
  36  3:08  Supply Depot  
  36  3:11  SCV  
  37  3:13  Factory Tech Lab  
  37  3:23  SCV  
  37  3:26  Marine  
  39  3:31  Widow Mine  
  41  3:35  SCV  
  41  3:40  Supply Depot  
  42  3:45  Viking  
  42  3:47  SCV  
  45  4:01  Siege Tank  
  48  4:06  Command Center  
  48  4:09  SCV  
  49  4:12  Marine  
  49  4:13  Supply Depot  
  50  4:23  SCV  
  51  4:34  Siege Tank  
  51  4:36  Banshee  
  51  4:37  SCV, Marine  
  56  4:48  Supply Depot  
  56  4:57  SCV  
  57  5:04  Barracks Reactor  
  57  5:06  Barracks x2  
  57  5:08  Siege Tank  
  57  5:09  SCV  
  61  5:21  SCV  
  62  5:31  Orbital Command  
  62  5:34  SCV  
  62  5:35  Starport Reactor  
  63  5:37  Refinery  
  63  5:38  Refinery  
  63  5:40  Siege Tank  
  66  5:44  Marine x2  
  66  5:46  SCV  
  69  5:55  Supply Depot, Barracks Tech Lab  
  69  5:59  SCV x2  
  69  6:08  Marine  
  69  6:11  SCV  
  69  6:19  Combat Shields, Siege Tank, Marine x2  
  69  6:20  Stimpack  
  69  6:22  Marine  
  76  6:25  SCV  
  76  6:26  Command Center, SCV, Marine  
  78  6:37  SCV  
  78  6:38  SCV  
  80  6:42  Marine x2  
  80  6:43  Marine  
  80  6:44  Medivac x2  
  80  6:46  Marine  
  88  6:49  SCV  
  88  6:53  Engineering Bay  
  89  6:55  Engineering Bay  
  88  7:02  Marine x3  
  88  7:04  Siege Tank  
  94  7:08  Supply Depot  
  94  7:11  SCV x2  
  96  7:21  Marine x4  
  99  7:23  SCV  
  99  7:26  Terran Infantry Weapons Level 1, Terran Infantry Armor Level 1  
  100  7:31  SCV  
  101  7:39  Marine  
  102  7:50  Marine  
  103  7:55  Marine x2  
  103  7:56  Medivac x2  
  103  7:57  Marine  
  110  8:02  SCV  
  110  8:05  Barracks  
  111  8:06  Siege Tank, Barracks  
  111  8:07  SCV, Marine  
  111  8:10  Supply Depot  
  111  8:11  Refinery  
  116  8:13  Refinery, Marine x2  
  116  8:14  SCV  
  116  8:15  Sensor Tower  
  116  8:19  Marine  
  120  8:24  Planetary Fortress  
  120  8:25  SCV, Marine  
  120  8:26  SCV  
  122  8:32  Supply Depot  
  122  8:33  Supply Depot  
  122  8:37  SCV, Medivac x2  
  122  8:39  SCV, Marine x3  
  131  8:44  Marine  
  131  8:47  Siege Tank  
  132  8:52  SCV  
  132  8:54  SCV, Factory  
  134  9:02  Supply Depot x2  
  134  9:04  SCV, Marine  
  134  9:05  Marine  
  134  9:08  Barracks Reactor  
  135  9:10  SCV  
  122  9:25  Siege Tank  
  122  9:27  Marine x4  
  130  9:43  Factory Tech Lab, Barracks Reactor  
  130  9:45  Armory, Marine x4  
  133  9:48  Marine  
  126  10:01  Marine  
Show
View Real Time Build Order
Export as new Build Order

마사 Terran - Winner!

Build Orders: Bio Tank 

Get SALT Encoding   

  12  0:00  SCV  
  13  0:13  SCV  
  14  0:17  Supply Depot  
  14  0:25  SCV  
  15  0:39  SCV  
  15  0:41  Barracks  
  16  0:51  SCV  
  17  1:03  SCV  
  18  1:04  Refinery  
  18  1:17  SCV  
  19  1:25  Command Center  
  19  1:33  Orbital Command  
  19  1:37  Marine  
  20  1:55  Marine  
  20  1:59  SCV  
  22  2:03  Refinery  
  22  2:05  Supply Depot  
  22  2:08  Factory  
  22  2:11  SCV  
  23  2:25  Barracks Reactor  
  23  2:26  SCV  
  24  2:36  Orbital Command  
  24  2:38  SCV  
  25  2:51  SCV, Factory Tech Lab  
  26  2:54  Starport  
  26  3:02  Marine x2  
  26  3:03  SCV  
  26  3:04  SCV  
  30  3:12  Siege Tank  
  33  3:15  SCV  
  33  3:17  Engineering Bay  
  33  3:18  SCV  
  35  3:20  Marine x2  
  37  3:27  SCV  
  37  3:30  SCV  
  37  3:31  Viking  
  37  3:33  Refinery  
  41  3:39  SCV, Supply Depot, Marine  
  43  3:46  Missile Turret  
  43  3:49  Missile Turret  
  43  3:53  SCV x2  
  45  4:05  SCV  
  45  4:06  Factory Tech Lab, Raven  
  48  4:10  Marine x2  
  48  4:11  SCV  
  48  4:13  Supply Depot  
  51  4:18  SCV  
  52  4:27  SCV, Marine  
  54  4:35  SCV, Supply Depot, Marine  
  54  4:36  Siege Tank  
  59  4:38  Supply Depot  
  59  4:39  SCV  
  60  4:47  Command Center  
  60  4:49  Terran Infantry Weapons Level 1  
  60  4:54  SCV  
  60  4:55  SCV  
  62  5:04  Marine  
  62  5:05  Viking, Stimpack  
  62  5:06  SCV, Refinery  
  66  5:08  SCV  
  66  5:10  Viking  
  69  5:18  SCV  
  69  5:20  SCV  
  71  5:24  Barracks  
  71  5:26  Barracks  
  71  5:27  Siege Tank  
  74  5:30  SCV  
  74  5:32  SCV  
  74  5:34  Marine  
  77  5:39  Supply Depot  
  76  5:43  SCV  
  76  5:47  Starport Reactor  
  77  5:52  SCV  
  77  5:53  Barracks x2  
  78  5:58  Supply Depot  
  78  5:59  SCV  
  78  6:04  SCV  
  80  6:05  Siege Tank  
  80  6:06  SCV  
  82  6:15  Marine  
  82  6:17  SCV  
  83  6:20  SCV  
  83  6:25  Supply Depot  
  82  6:27  Supply Depot  
  82  6:29  SCV  
  82  6:31  Supply Depot  
  83  6:33  Marine  
  83  6:36  Marine x4, Starport Reactor  
  83  6:37  Siege Tank  
  90  6:42  SCV  
  90  6:43  Terran Infantry Armor Level 1  
  90  6:47  Sensor Tower  
  93  6:49  Barracks Reactor  
  93  6:51  Barracks Reactor, Marine  
  93  6:54  Marine  
  92  6:55  Marine x3  
  95  7:05  Combat Shields  
  95  7:08  Supply Depot, SCV  
  95  7:09  Marine  
  95  7:10  Supply Depot  
  95  7:11  Siege Tank  
  95  7:12  Marine  
  95  7:13  Medivac x2, Marine x2  
  106  7:17  Refinery, Marine  
  106  7:19  SCV  
  108  7:24  Planetary Fortress  
  108  7:25  Marine x2  
  108  7:26  Marine  
  108  7:27  Supply Depot  
  108  7:28  Marine x2  
  108  7:29  Marine  
  113  7:30  Supply Depot  
  113  7:31  SCV x2  
  115  7:42  Marine x3  
  115  7:43  Medivac x2, Marine  
  120  7:44  SCV  
  120  7:50  Marine x2  
  120  7:51  Marine x3  
  124  7:52  Siege Tank  
  124  7:53  SCV  
  130  7:59  Marine  
  130  8:00  Marine x2  
  130  8:05  Marine  
  134  8:06  SCV x3  
  134  8:08  Marine x2  
  134  8:12  Marine x3  
  142  8:13  Medivac x2  
  142  8:17  Refinery  
  142  8:18  SCV x2  
  148  8:21  Armory  
  148  8:22  Marine  
  148  8:24  Engineering Bay  
  148  8:25  Marine  
  150  8:30  Siege Tank  
  150  8:32  Marine x2  
  150  8:33  Marine  
  156  8:36  Marine  
  156  8:37  Marine x2  
  158  8:48  Marine x3  
  151  8:52  Medivac x2  
  154  9:02  Siege Tank  
  157  9:19  Command Center  
  157  9:21  Marine x2  
  157  9:23  Marine x3  
  152  9:25  Medivac x2  
  152  9:26  Marine x3  
  160  9:34  Siege Tank  
  162  9:39  Marine x2  
  162  9:40  Factory  
  162  9:41  Marine  
  162  9:43  Marine  
  165  9:49  Barracks Reactor  
  165  9:59  Marine x3  
Tags
 
Add a new tag
Caveats
  • Supply blocks, unpowered buildings, or Contaminate may cause inaccurate times.
  • Supply counts are checked every 10 seconds.